 Dungeon Crawl Stone Soup version 0.17.1-3-g152610e (webtiles) character file.

69315 Goblin1989 the Martial Artist (level 15, -2/84 HPs)
             Began as a Vine Stalker Monk on Feb 19, 2016.
             Was a High Priest of Elyvilon.
             Slain by a dire elephant (23 damage)
             ... on level 8 of the Lair of Beasts on Feb 22, 2016.
             The game lasted 02:04:49 (25672 turns).

Goblin1989 the Martial Artist (Vine Stalker Monk)  Turns: 25672, Time: 02:04:50

Health: -2/84      AC: 23    Str: 18    XL:     15   Next: 29%
Magic:  0/25       EV:  9    Int: 17    God:    Elyvilon [*****.]
Gold:   960        SH:  0    Dex: 16    Spells: 0 memorised, 14 levels left

rFire  . . .     SeeInvis +       - Unarmed
rCold  . . .     Clarity  .     t - +3 plate armour {MR+}
rNeg   . . .     SustAt   +     (no shield)
rPois  +         Gourm    .     H - +0 helmet
rElec  .         Spirit   +     B - +0 cloak
rCorr  .         Warding  .     K - +1 pair of gloves
rMut   +         Stasis   .     (no boots)
MR     ++...                    M - amulet of resist mutation
Stlth  ..........               z - ring "Taopierch" {SustAt rPois Int+7 Dex-3}
                                X - ring of see invisible

@: starving, very resistant to hostile enchantments, extremely unstealthy
A: fangs 3, regeneration 3, magic shield, antimagic bite, no device heal 3, rot
immunity
a: Lesser Healing, Heal Other, Purification, Greater Healing, Divine Vigour,
Divine Protection, Renounce Religion


You were on level 8 of the Lair of Beasts.
You worshipped Elyvilon.
Elyvilon was extremely pleased with you.
You were starving.

You visited 4 branches of the dungeon, and saw 25 of its levels.
You also visited: Ice Cave.

You collected 3593 gold pieces.
You spent 2633 gold pieces at shops.

Inventory:

Hand Weapons
 b - a +3 blowgun
Missiles
 f - 6 exploding tomahawks
 y - 32 poisoned needles
 P - 14 curare-tipped needles
 Q - 2 steel tomahawks
 V - 37 tomahawks (quivered)
Armour
 t - a +3 plate armour of magic resistance (worn)
 B - a +0 cloak (worn)
 H - a +0 helmet (worn)
 K - a +1 pair of gloves (worn)
Jewellery
 j - an uncursed ring of positive energy
 m - an uncursed ring of ice
 z - the ring "Taopierch" (right hand) {SustAt rPois Int+7 Dex-3}
   (You found it on level 11 of the Dungeon)

   [ring of sustain attributes]

   It sustains your strength, intelligence and dexterity.
   It affects your intelligence (+7).
   It affects your dexterity (-3).
   It protects you from poison.
 M - an amulet of resist mutation (around neck)
 T - an uncursed ring of positive energy
 U - an uncursed ring of fire
 X - a ring of see invisible (left hand)
Wands
 g - a wand of cold (10)
 F - a wand of invisibility (0)
Scrolls
 c - 10 scrolls of remove curse
 d - 3 scrolls of amnesia
 e - 2 scrolls of magic mapping
 o - 3 scrolls of immolation
 r - a scroll of summoning {unknown}
 s - a scroll of silence
 v - 9 scrolls of teleportation
 w - 4 scrolls of blinking
 C - 4 scrolls of fog
 E - 4 scrolls of recharging
 O - a scroll of fear
 S - 2 scrolls of enchant armour
 Y - 2 scrolls of identify
Potions
 h - 3 potions of cancellation
 i - 3 potions of brilliance
 k - a potion of might
 l - 10 potions of curing
 q - 2 potions of ambrosia
 u - 2 potions of cure mutation
 A - 2 potions of haste
 D - 3 potions of agility
 I - 2 potions of resistance
 J - a potion of flight
 N - 2 potions of berserk rage
 R - 2 potions of invisibility
Books
 p - a book of Unlife

   Spells                             Type                      Level
   a - Recall                         Summoning/Translocation      3
   b - Animate Dead                   Necromancy                   4
   c - Control Undead                 Necromancy                   4
   d - Cigotuvi's Embrace             Necromancy                   5
   e - Death Channel                  Necromancy                   6
   f - Simulacrum                     Ice/Necromancy               6
   Elyvilon disapproves of the use of such an item.
 L - a Fen Folio

   Spells                             Type                      Level
   a - Corpse Rot                     Necromancy                   2
   b - Stone Arrow                    Conjuration/Earth            3
   c - Leda's Liquefaction            Hexes/Earth                  4
   d - Summon Forest                  Summoning/Translocation      5
   e - Hydra Form                     Transmutation                6
   f - Summon Hydra                   Summoning                    7
Comestibles
 a - 11 slices of pizza
 n - 10 meat rations
 x - 8 bread rations
 G - 5 fruits


   Skills:
 + Level 11.9 Fighting
 - Level 10.4 Armour
 * Level 6.6 Dodging
 - Level 2.4 Stealth
 + Level 14.5 Unarmed Combat
 + Level 12.1 Invocations


You had 14 spell levels left.
You didn't know any spells.

Dungeon Overview and Level Annotations

Branches:
Dungeon (12/15)            Temple (1/1) D:4            Lair (8/8) D:10
  Swamp (0/4) Lair:3       Spider (0/4) Lair:3        Slime (0/6) Lair:6
    Orc (4/4) D:12            Elf (0/3) Orc:4

Altars:
Ashenzari
Cheibriados
Dithmenos
Elyvilon
Fedhas
Gozag
Kikubaaqudgha
Makhleb
Nemelex Xobeh
Okawaru
Qazlal
Ru
Sif Muna
Trog
Vehumet
Xom
Yredelemnul
Zin
The Shining One
Beogh
Jiyva

Shops:
D:6 !   D:10 (   D:12 ?   Orc:1 *   Orc:4 *[(=

Annotations:
D:9 exclusion: door
Lair:4 exclusion: 2 downstairs
Lair:5 4 exclusions
Lair:6 8 exclusions


Innate Abilities, Weirdness & Mutations

You have razor-sharp teeth.
You regenerate.
When hurt, damage is shared between your health and your magic reserves.
Your bite disrupts and absorbs the magic of your enemies.
Potions and wands cannot restore your health.
You are immune to rotting.


Message History

The dire elephant tramples you.
You stumble backwards!
You hit the dire elephant but do no damage.
You punch the dire elephant, but do no damage.
You bite the dire elephant, but do no damage.
The dire elephant is severely wounded.
You hit the dire elephant but do no damage.
You bite the dire elephant, but do no damage.
The dire elephant is severely wounded.
The dire elephant tramples you but does no damage.
The dire elephant trunk-slaps you but does no damage.
You hit the dire elephant.
The dire elephant is severely wounded.
The dire elephant tramples you!!
* * * LOW HITPOINT WARNING * * *
You stumble backwards!
You hit the dire elephant.
You bite the dire elephant, but do no damage.
The dire elephant is severely wounded.
The dire elephant tramples you!!
You die...

###......P##########P....PP
#...P...# ###.#..PP...#
###.P....# #..#.##P....#
####........# ##..........#
###.#P........######..#........
##.P.P.P..#....#...#....#.#.....
##....P.P.......#...#...........P
#.......PP.......................
♣♣..............@Y..Y...........♣
♣######♣.......♣########'''#####
########♣....###...............
#...../##♣♣♣##..Y#####8.⌠.8####
#......# ####.###≈.###...##
#P.....####....#≈≈≈≈.######
######'#...Y####.≈≈≈≈#...$##
#.#Y####.8#Y≈≈≈≈'...(|#
#...#.....'..≈≈≈'...()#


You could see a dire elephant and a neutral dire elephant (wandering).

Vanquished Creatures
  Saint Roka (Orc:4)
  Maud (Lair:3)
  A dire elephant (Lair:8)
  Josephine (D:10)
  A fire dragon (Lair:7)
  Fannar (D:11)
  3 hydras
  A catoblepas (Lair:6)
  An anaconda (Lair:8)
  5 death yaks
  An orc knight (Orc:4)
  A hill giant (D:11)
  An ugly thing (D:12)
  A lindwurm (Lair:7)
  A cyclops (D:12)
  A griffon (Lair:5)
  10 elephants
  6 black mambas
  19 spiny frogs
  2 ice statues (IceCv)
  A centaur zombie (D:12)
  A molten gargoyle (Lair:5)
  A torpor snail (Lair:7)
  6 komodo dragons
  A kobold demonologist (D:12)
  A fire drake (Lair:2)
  4 trolls
  Grinder (D:6)
  A two-headed ogre (Orc:4)
  4 blink frogs (Lair:1)
  A boulder beetle (Lair:7)
  38 yaks
  A shadow (D:12)
  3 wyverns
  A deep elf mage (D:11)
  5 wraiths (D:10)
  5 hungry ghosts
  Grum (D:10)
  A steam dragon (D:11)
  19 water moccasins
  5 basilisks
  Menkaure (D:4)
  25 wolves
  A warg (Orc:2)
  A swamp worm (Lair:3)
  A soldier ant (D:12)
  5 hippogriffs
  35 orc warriors
  2 eyes of draining
  2 wasps
  14 porcupines
  A necrophage (D:8)
  6 ogres
  5 phantoms
  2 sky beasts
  A black bear (D:6)
  3 centaurs
  25 ice beasts
  15 crocodiles
  2 big kobolds
  13 giant frogs
  A wyvern skeleton (D:10)
  4 scorpions
  3 troll zombies (D:12)
  5 wights (D:11)
  2 crimson imps
  2 electric eels
  A quasit (D:10)
  22 orc priests
  2 giant frog zombies
  5 jellies
  4 hounds
  Crazy Yiuf (D:3)
  Ijyb (D:2)
  29 orc wizards
  4 iguanas
  2 centaur skeletons
  Natasha (thrice) (D:3)
  6 worker ants
  6 hell rats (Lair:3)
  A killer bee zombie (D:7)
  5 ogre zombies (D:12)
  10 sheep
  A hound zombie (D:6)
  5 gnolls
  3 shadow imps
  5 adders
  69 river rats
  An ooze (D:9)
  An adder zombie (D:5)
  An adder skeleton (D:4)
  3 worms
  11 giant geckos
  185 orcs
  A ball python (D:2)
  4 giant cockroaches
  8 hobgoblins
  5 jackals (D:2)
  18 kobolds
  5 quokkas
  5 bats
  2 giant gecko zombies
  7 giant newts
  6 goblins
  3 goblin zombies (D:12)
  2 hobgoblin skeletons (D:12)
  2 hobgoblin zombies (D:12)
  3 orc skeletons (D:12)
  15 orc zombies (D:12)
  8 rats
  A fungus (Lair:8)
  2 plants (Lair:8)
821 creatures vanquished.

Vanquished Creatures (collateral kills)
  An orc priest (D:8)
  A gnoll (D:8)
2 creatures vanquished.

Vanquished Creatures (others)
  2 river rats (Lair:4)
  47 fungi
  10 plants
59 creatures vanquished.

Grand Total: 882 creatures vanquished

Notes
Turn   | Place    | Note
--------------------------------------------------------------
     0 | D:1      | Goblin1989 the Vine Stalker Monk began the quest for the Orb.
     0 | D:1      | Reached XP level 1. HP: 11/11 MP: 2/2
   165 | D:1      | Reached XP level 2. HP: 16/16 MP: 3/3
   799 | D:2      | Reached XP level 3. HP: 19/19 MP: 2/4
   881 | D:2      | Reached skill level 5 in Unarmed Combat
  1008 | D:2      | Noticed Ijyb
  1046 | D:2      | Killed Ijyb
  1046 | D:2      | Reached XP level 4. HP: 9/23 MP: 2/5
  1584 | D:3      | Reached skill level 6 in Unarmed Combat
  1839 | D:3      | Noticed Natasha
  1850 | D:3      | Killed Natasha
  1850 | D:3      | Reached XP level 5. HP: 24/27 MP: 6/6
  1968 | D:3      | Noticed Natasha
  1973 | D:3      | Killed Natasha
  2183 | D:3      | Found a faded altar to an unknown god.
  2285 | D:3      | Noticed Natasha
  2286 | D:3      | Killed Natasha
  2305 | D:3      | Noticed Crazy Yiuf
  2312 | D:3      | Killed Crazy Yiuf
  2489 | D:4      | Found a staircase to the Ecumenical Temple.
  2495 | Temple   | Entered the Ecumenical Temple
  2501 | Temple   | Became a worshipper of Elyvilon the Healer
  2501 | Temple   | Reached * piety under Elyvilon
  2501 | Temple   | Reached ** piety under Elyvilon
  2568 | D:4      | Found a shattered altar of Ashenzari.
  2569 | D:4      | Noticed Menkaure
  2598 | D:5      | Entered Level 5 of the Dungeon
  2659 | D:5      | Reached skill level 7 in Unarmed Combat
  2659 | D:5      | Gained mutation: You heal very quickly. [Vine Stalker growth]
  2659 | D:5      | Reached XP level 6. HP: 32/32 MP: 7/7
  2685 | D:5      | Found a shadowy altar of Dithmenos.
  2899 | D:5      | Found a burning altar of Makhleb.
  2936 | D:5      | Reached skill level 1 in Invocations
  3013 | D:5      | Found a glowing silver altar of Zin.
  3408 | D:6      | Reached skill level 8 in Unarmed Combat
  3408 | D:6      | Reached XP level 7. HP: 27/35 MP: 9/9
  3484 | D:6      | Reached *** piety under Elyvilon
  3541 | D:6      | Noticed Grinder
  3552 | D:6      | Paralysed by something for 3 turns
  3582 | D:6      | Killed Grinder
  3757 | D:6      | Reached skill level 9 in Unarmed Combat
  3757 | D:6      | Gained mutation: You have razor-sharp teeth. [Vine Stalker growth]
  3757 | D:6      | Reached XP level 8. HP: 35/39 MP: 11/11
  4175 | D:6      | Found Jacuazew's Distillery.
  4183 | D:6      | Bought a potion of curing for 39 gold pieces
  4183 | D:6      | Bought a potion of resistance for 130 gold pieces
  4183 | D:6      | Bought a potion of haste for 130 gold pieces
  4183 | D:6      | Bought a potion of flight for 39 gold pieces
  4702 | D:7      | Reached skill level 5 in Fighting
  4702 | D:7      | Reached skill level 5 in Invocations
  4702 | D:7      | Reached XP level 9. HP: 32/47 MP: 13/13
  5073 | D:4      | Killed Menkaure
  5141 | D:4      | Reached **** piety under Elyvilon
  5742 | D:8      | Reached skill level 10 in Unarmed Combat
  5888 | D:8      | Found a basalt altar of Yredelemnul.
  5904 | D:8      | Paralysed by a wasp for 3 turns
  6173 | D:8      | Found a glowing golden altar of the Shining One.
  6217 | D:8      | Reached skill level 1 in Armour
  6487 | D:9      | Found a blossoming altar of Fedhas.
  6514 | D:9      | Found a burning altar of Makhleb.
  6514 | D:9      | Noticed a green death
  6517 | D:9      | Noticed a smoke demon
  6517 | D:9      | Noticed a hellwing
  6679 | D:9      | Reached XP level 10. HP: 48/53 MP: 15/15
  6762 | D:9      | Reached ***** piety under Elyvilon
  7002 | D:10     | Entered Level 10 of the Dungeon
  7048 | D:10     | Noticed a hill giant
  7136 | D:9      | Found a viscous altar of Jiyva.
  7287 | D:9      | Found an iron altar of Okawaru.
  7308 | D:9      | Found a snail-covered altar of Cheibriados.
  7372 | D:9      | Found a bloodstained altar of Trog.
  7449 | D:9      | Found a radiant altar of Vehumet.
  7616 | D:10     | Pacified a hill giant
  7796 | D:10     | Found a staircase to the Lair.
  7919 | D:10     | Found Fojuopsio's Weapon Emporium.
  7920 | D:10     | Noticed Grum
  7948 | D:10     | Killed Grum
  8274 | D:10     | Noticed Josephine
  8305 | D:10     | Killed Josephine
  8305 | D:10     | Reached skill level 11 in Unarmed Combat
  8310 | D:10     | Reached skill level 5 in Armour
  8325 | D:10     | Reached XP level 11. HP: 40/60 MP: 17/17
  8614 | Lair:1   | Entered Level 1 of the Lair of Beasts
 11154 | Lair:3   | Gained mutation: You regenerate. [Vine Stalker growth]
 11154 | Lair:3   | Reached XP level 12. HP: 56/65 MP: 19/19
 11407 | Lair:3   | Found a hole to the Spider Nest.
 11617 | Lair:3   | Noticed Maud
 11672 | Lair:3   | Killed Maud
 11710 | Lair:3   | Found a staircase to the Swamp.
 11926 | Lair:3   | Noticed a five-headed hydra
 11926 | Lair:3   | Pacified a five-headed hydra
 11954 | Lair:4   | Noticed an eight-headed hydra
 11955 | Lair:4   | Pacified an eight-headed hydra
 11995 | Lair:4   | Noticed a six-headed hydra
 11996 | Lair:4   | Pacified a six-headed hydra
 12141 | Lair:4   | Noticed a six-headed hydra
 12146 | Lair:4   | Pacified a six-headed hydra
 12146 | Lair:4   | Reached skill level 12 in Unarmed Combat
 12471 | Lair:4   | Noticed a four-headed hydra
 12472 | Lair:4   | Pacified a four-headed hydra
 13377 | Lair:5   | Reached XP level 13. HP: 22/72 MP: 17/21
 13732 | Lair:5   | Reached skill level 10 in Fighting
 13745 | Lair:5   | Reached skill level 10 in Invocations
 14119 | Lair:6   | Found a frozen archway.
 14223 | IceCv    | Entered an ice cave
 14812 | IceCv    | Reached skill level 10 in Armour
 15302 | Lair:6   | Found a viscous altar of Jiyva.
 15303 | Lair:6   | Found a staircase to the Slime Pits.
 16350 | Lair:7   | Noticed Nessos
 16352 | Lair:7   | Pacified Nessos
 16371 | Lair:7   | Reached skill level 13 in Unarmed Combat
 16888 | Lair:7   | Reached XP level 14. HP: 70/77 MP: 23/23
 17305 | Lair:7   | Found a runed door.
 17605 | Lair:8   | Entered Level 8 of the Lair of Beasts
 18305 | Lair:8   | Reached skill level 14 in Unarmed Combat
 19322 | D:11     | Got a smoking platinum ring
 19328 | D:11     | Identified the ring "Taopierch" {SustAt rPois Int+7 Dex-3} (You found it on level 11 of the Dungeon)
 19369 | D:11     | Noticed a six-headed hydra
 19382 | D:11     | Killed a six-headed hydra
 19669 | D:11     | Noticed Snorg
 19672 | D:11     | Pacified Snorg
 19912 | D:11     | Noticed Fannar
 19949 | D:11     | Killed Fannar
 20097 | D:11     | Noticed a hill giant
 20109 | D:11     | Killed a hill giant
 20653 | D:12     | Found Folachaz's Magic Scroll Emporium.
 20662 | D:12     | Found a staircase to the Orcish Mines.
 20719 | D:12     | Reached skill level 5 in Dodging
 20744 | D:12     | Bought a scroll of silence for 75 gold pieces
 20744 | D:12     | Bought a scroll of torment for 75 gold pieces
 20744 | D:12     | Bought a scroll of immolation for 35 gold pieces
 20744 | D:12     | Bought a scroll of identify for 20 gold pieces
 20744 | D:12     | Bought 3 scrolls of blinking for 225 gold pieces
 21322 | D:12     | Got a wizard robe
 21333 | D:12     | Identified the +1 robe "Vifiq" {+Blink} (You found it on level 12 of the Dungeon)
 21613 | Orc:1    | Entered Level 1 of the Orcish Mines
 21746 | Orc:1    | Found Webouwn's General Store.
 21757 | Orc:1    | Bought a potion of cure mutation for 525 gold pieces
 21791 | Orc:1    | Reached ****** piety under Elyvilon
 23176 | Orc:4    | Entered Level 4 of the Orcish Mines
 23218 | Orc:4    | Found a roughly hewn altar of Beogh.
 23321 | Orc:4    | Found a roughly hewn altar of Beogh.
 23497 | Orc:4    | Reached XP level 15. HP: 80/84 MP: 24/24
 23628 | Orc:4    | Found a roughly hewn altar of Beogh.
 23810 | Orc:4    | Noticed Saint Roka
 23995 | Orc:4    | Killed Saint Roka
 24129 | Orc:4    | Found Vieddiuth's Antique Armour Shoppe.
 24130 | Orc:4    | Found a roughly hewn altar of Beogh.
 24140 | Orc:4    | Found Era Zotimo's Antique Weapon Emporium.
 24245 | Orc:4    | Found a roughly hewn altar of Beogh.
 24246 | Orc:4    | Found Mozaruf's Jewellery Shop.
 24356 | Orc:4    | Found a roughly hewn altar of Beogh.
 24437 | Orc:4    | Bought an encrusted leather armour for 245 gold pieces
 24447 | Orc:4    | Identified the +1 leather armour of Narcissism {Stlth+} (You bought it in a shop on level 4 of the Orcish Mines)
 24498 | Orc:4    | Bought an uncursed amulet of resist mutation for 720 gold pieces
 24577 | Orc:4    | Found a staircase to the Elven Halls.
 24611 | Orc:4    | Found a roughly hewn altar of Beogh.
 24739 | Orc:4    | Found a roughly hewn altar of Beogh.
 24761 | Orc:4    | Found Terchajale's Assorted Antiques.
 24829 | Orc:4    | Bought a coral ring for 125 gold pieces
 24829 | Orc:4    | Bought a scroll of identify for 50 gold pieces
 24829 | Orc:4    | Bought a scroll of identify for 50 gold pieces
 24829 | Orc:4    | Bought a scroll of teleportation for 75 gold pieces
 24829 | Orc:4    | Bought a scroll of teleportation for 75 gold pieces
 25672 | Lair:8   | Slain by a dire elephant

Action                   |  1- 3 |  4- 6 |  7- 9 | 10-12 | 13-15 || total
-------------------------+-------+-------+-------+-------+-------++-------
Melee: Unarmed           |   116 |   177 |   321 |   787 |  1872 ||  3273
 Fire: Blowgun           |       |     1 |       |     4 |     3 ||     8
Invok: Heal Other        |       |       |       |     8 |    23 ||    31
       Greater Healing   |       |       |       |     3 |     5 ||     8
       Lesser Healing    |       |       |       |     1 |     1 ||     2
Evoke: Wand              |       |     2 |    11 |     1 |     2 ||    16
  Use: Scroll            |       |       |    11 |     3 |    16 ||    30
       Potion            |       |       |     3 |     5 |     3 ||    11
 Stab: Sleeping          |     6 |     3 |     1 |       |       ||    10
       Invisible         |       |       |     6 |     5 |       ||    11
       Petrified         |       |       |       |       |     1 ||     1
  Eat: Chunk             |       |     6 |     9 |    15 |    38 ||    68
       Beef jerky        |       |     1 |     3 |     1 |     1 ||     6
       Pizza             |       |       |     1 |       |       ||     1
       Bread ration      |       |       |     1 |       |     3 ||     4
       Royal jelly       |       |       |     1 |     2 |     3 ||     6
       Fruit             |       |       |       |     7 |     3 ||    10
